Map: [ESL] Tropical Sacrifice

Players

GunGFuBanDa - Winner!

  • Race: Protoss Protoss
  • Spawn Location: 7:00

MaxPax

  • Race: Protoss Protoss
  • Spawn Location: 1:00

Event: DreamHack SC2 Masters 2022 Atlanta (Online)

VOD

Have the link to the VOD?

Description

Time

  • Played on: Oct. 9, 2022, 1:37 p.m.
  • Length: 19:20

All games in this series

Show
View Real Time Build Order
Export as new Build Order

GunGFuBanDa Protoss - Winner!

Build Orders: Blink Stalkers 

Get SALT Encoding   

  12  0:00  Probe  
  13  0:12  Probe  
  14  0:17  Pylon  
  14  0:24  Probe (Chrono Boost)  
  15  0:36  Probe (Chrono Boost)  
  15  0:37  Gateway  
  16  0:44  Probe (Chrono Boost)  
  16  0:49  Assimilator  
  17  0:53  Probe  
  18  0:58  Assimilator  
  18  1:06  Probe (Chrono Boost)  
  19  1:15  Probe (Chrono Boost)  
  19  1:16  Gateway  
  20  1:20  Probe  
  21  1:30  Cybernetics Core  
  21  1:32  Probe  
  22  1:42  Pylon  
  22  1:44  Probe  
  23  2:01  Probe  
  24  2:06  Stalker x2  
  24  2:07  Warp Gate  
  28  2:40  Nexus  
  28  2:42  Pylon  
  28  2:50  Stalker  
  30  2:59  Stalker  
  30  3:00  Probe  
  33  3:15  Probe (Chrono Boost)  
  33  3:18  Twilight Council  
  34  3:24  Probe (Chrono Boost)  
  35  3:29  Probe (Chrono Boost)  
  35  3:30  Pylon  
  35  3:41  Probe  
  36  3:51  Blink (Chrono Boost)  
  35  3:56  Probe (Chrono Boost)  
  35  3:59  Probe (Chrono Boost)  
  35  4:01  Stalker  
  38  4:07  Stalker  
  38  4:08  Probe (Chrono Boost)  
  38  4:09  Probe (Chrono Boost)  
  42  4:16  Probe (Chrono Boost)  
  43  4:18  Probe (Chrono Boost)  
  44  4:24  Sentry  
  44  4:28  Probe (Chrono Boost)  
  44  4:29  Probe (Chrono Boost)  
  44  4:30  Dark Shrine  
  48  4:32  Probe (Chrono Boost)  
  48  4:37  Probe  
  50  4:44  Probe  
  50  4:49  Probe  
  50  4:50  Stalker  
  53  4:53  Assimilator  
  53  4:56  Probe  
  54  5:01  Probe  
  54  5:05  Robotics Facility  
  55  5:08  Probe, Stalker  
  55  5:13  Pylon  
  55  5:14  Probe  
  59  5:18  Pylon  
  59  5:20  Probe  
  60  5:26  Probe  
  61  5:31  Nexus  
  61  5:38  Probe  
  61  5:42  Dark Templar x2  
  64  5:47  Nexus  
  64  5:49  Shield Battery  
  66  5:52  Observer  
  67  6:04  Probe  
  67  6:07  Pylon  
  67  6:09  Gateway  
  67  6:10  Forge  
  68  6:17  Stalker x2  
  68  6:18  Probe (Chrono Boost)  
  70  6:24  Probe (Chrono Boost)  
  70  6:27  Probe (Chrono Boost), Pylon  
  70  6:28  Robotics Bay  
  70  6:31  Probe (Chrono Boost)  
  70  6:32  Probe (Chrono Boost), Assimilator  
  72  6:36  Immortal  
  72  6:39  Protoss Ground Weapons Level 1 (Chrono Boost)  
  77  6:42  Probe  
  77  6:44  Probe  
  79  6:51  Shield Battery  
  79  6:53  Dark Templar  
  81  6:54  Probe  
  81  6:58  Stalker  
  81  7:00  Probe  
  85  7:03  Probe  
  85  7:06  Probe  
  87  7:13  Probe  
  87  7:14  Dark Templar  
  89  7:15  Probe  
  89  7:19  Probe  
  89  7:25  Probe  
  89  7:28  Probe  
  91  7:31  Probe, Stalker x2  
  92  7:44  Probe  
  92  7:46  Shield Battery, Probe  
  94  7:51  Stalker  
  94  7:53  Probe  
  94  7:54  Pylon  
  94  7:56  Probe  
  94  7:58  Assimilator  
  98  7:59  Assimilator  
  98  8:00  Pylon  
  98  8:02  Disruptor (Chrono Boost), Pylon  
  101  8:06  Photon Cannon  
  101  8:12  Gateway  
  101  8:14  Gateway  
  101  8:16  Stalker x2  
  101  8:17  Stalker  
  106  8:26  Probe  
  105  8:27  Probe  
  105  8:32  Protoss Ground Weapons Level 2 (Chrono Boost)  
  105  8:37  Photon Cannon  
  105  8:38  Observer (Chrono Boost)  
  106  8:41  Probe x2  
  106  8:44  Photon Cannon, Stalker x2  
  106  8:45  Stalker  
  110  9:03  Disruptor  
  106  9:10  Probe  
  106  9:12  Stalker x3  
  106  9:13  Stalker x2  
  120  9:19  Probe  
  115  9:39  Disruptor  
  115  9:43  Probe (Chrono Boost)  
  113  9:47  Probe (Chrono Boost)  
  113  9:50  Photon Cannon  
  113  9:51  Probe (Chrono Boost)  
  111  9:56  Probe (Chrono Boost), Stalker x3  
  111  9:57  Probe (Chrono Boost)  
  111  9:58  Photon Cannon  
  119  10:03  Probe (Chrono Boost)  
  119  10:04  Probe (Chrono Boost)  
  121  10:07  Nexus, Probe (Chrono Boost)  
  121  10:09  Pylon  
  121  10:10  Probe (Chrono Boost)  
  121  10:11  Probe (Chrono Boost)  
  121  10:13  Probe  
  124  10:14  Pylon  
  124  10:21  Pylon  
  124  10:23  Disruptor (Chrono Boost)  
  127  10:28  Probe  
  127  10:29  Zealot  
  130  10:35  Probe  
  130  10:36  Probe  
  130  10:40  Probe  
  130  10:41  Pylon  
  133  10:42  Photon Cannon  
  133  10:43  Shadow Stride (Chrono Boost)  
  133  10:44  Shield Battery  
  133  10:48  Probe x2  
  133  10:52  Disruptor, Probe  
  133  10:54  Zealot  
  137  10:58  Zealot, Protoss Ground Weapons Level 3 (Chrono Boost)  
  137  11:00  Zealot  
  139  11:06  Zealot  
  139  11:09  Zealot  
  140  11:14  Probe (Chrono Boost)  
  140  11:15  Charge, Probe (Chrono Boost)  
  142  11:19  Probe (Chrono Boost)  
  142  11:21  Pylon  
  142  11:24  Probe (Chrono Boost)  
  144  11:28  Probe (Chrono Boost)  
  144  11:29  Zealot x3, Probe x2 (Chrono Boost)  
  144  11:30  Zealot x2  
  153  11:39  Gateway  
  153  11:40  Gateway, Probe  
  153  11:41  Gateway  
  153  11:42  Photon Cannon  
  153  11:44  Shield Battery  
  153  11:52  Disruptor (Chrono Boost)  
  154  11:57  Dark Templar  
  154  11:58  Dark Templar x3  
  154  12:00  Zealot  
  164  12:09  Photon Cannon  
  161  12:24  Stalker  
  161  12:25  Disruptor (Chrono Boost)  
  155  12:47  Probe  
  155  12:50  Probe  
  147  12:53  Zealot x7  
  147  12:54  Observer  
  155  13:01  Probe x2  
  149  13:15  Disruptor  
  149  13:17  Stalker x8  
  160  13:20  Probe  
  160  13:24  Robotics Facility  
  160  13:26  Robotics Facility  
  161  13:27  Photon Cannon  
  161  13:28  Photon Cannon  
  161  13:29  Pylon  
  161  13:30  Photon Cannon  
  161  13:41  Stalker x7  
  166  13:53  Protoss Shields Level 1 (Chrono Boost)  
  164  13:56  Observer (Chrono Boost)  
  161  14:04  Zealot x8  
  155  14:23  Disruptor x2, Observer  
  158  14:25  Photon Cannon  
  158  14:27  Stalker x8  
  158  14:28  Photon Cannon  
  158  14:29  Photon Cannon  
  157  14:45  Photon Cannon  
  155  14:51  Gravitic Boosters (Chrono Boost)  
  155  14:55  Dark Templar x5  
  155  14:56  Zealot  
  155  14:57  Zealot x2  
  171  15:12  Pylon  
  171  15:13  Nexus  
  165  15:17  Zealot x3  
  165  15:20  Pylon  
  170  15:29  Disruptor  
  170  15:33  Observer  
  165  15:43  Zealot x8  
  165  15:47  Disruptor  
  184  15:54  Disruptor  
  184  15:55  Nexus  
  186  16:09  Observer  
  186  16:23  Zealot  
  188  16:27  Observer, Pylon  
  188  16:30  Disruptor (Chrono Boost)  
  188  16:31  Pylon  
  176  16:45  Zealot x8  
  165  16:47  Photon Cannon  
  165  16:48  Shield Battery  
  165  16:53  Disruptor (Chrono Boost)  
  161  17:00  Shield Battery  
  161  17:02  Disruptor (Chrono Boost)  
  130  17:13  Stalker x8  
  130  17:14  Probe x2  
  130  17:34  Photon Cannon  
  130  17:37  Stalker  
  130  17:38  Stalker x6  
  144  17:49  Observer  
  142  18:05  Disruptor  
  135  18:08  Zealot x8  
  135  18:09  Observer  
  142  18:28  Assimilator  
  142  18:29  Photon Cannon  
  137  18:44  Stalker x8  
  153  18:53  Assimilator  
  153  18:54  Assimilator  
  153  18:55  Assimilator  
  153  19:07  Dark Templar x3  
Show
View Real Time Build Order
Export as new Build Order

MaxPax Protoss 

Build Orders: Oracle Opening, Blink Stalkers 

Get SALT Encoding   

  12  0:00  Probe  
  13  0:12  Probe  
  14  0:20  Pylon  
  14  0:24  Probe  
  15  0:38  Probe (Chrono Boost)  
  15  0:41  Gateway  
  16  0:48  Probe (Chrono Boost), Assimilator  
  17  0:53  Probe (Chrono Boost)  
  18  1:04  Probe  
  19  1:16  Probe (Chrono Boost)  
  20  1:22  Assimilator, Pylon  
  20  1:28  Cybernetics Core, Probe (Chrono Boost)  
  21  1:33  Probe (Chrono Boost)  
  22  1:43  Probe  
  25  1:55  Probe  
  26  2:07  Stargate  
  26  2:12  Nexus  
  24  2:19  Stalker  
  26  2:23  Warp Gate  
  26  2:30  Pylon  
  26  2:39  Probe  
  26  2:44  Shield Battery  
  27  2:48  Oracle (Chrono Boost)  
  29  2:53  Probe  
  30  3:01  Stalker  
  30  3:05  Probe  
  33  3:17  Probe  
  34  3:25  Twilight Council  
  34  3:26  Probe  
  35  3:29  Probe  
  36  3:38  Probe (Chrono Boost)  
  38  3:46  Probe (Chrono Boost)  
  38  3:47  Gateway  
  39  3:50  Probe (Chrono Boost)  
  39  3:54  Blink (Chrono Boost)  
  39  3:55  Probe x2 (Chrono Boost)  
  41  4:04  Probe  
  41  4:05  Probe  
  43  4:10  Gateway  
  43  4:12  Stalker  
  43  4:16  Probe  
  46  4:17  Probe  
  47  4:29  Probe x2  
  49  4:31  Pylon  
  49  4:41  Probe  
  49  4:42  Stalker  
  49  4:43  Stalker  
  54  4:45  Probe  
  54  4:48  Robotics Facility  
  52  4:56  Probe  
  52  4:57  Nexus  
  54  5:00  Probe  
  54  5:05  Stalker  
  56  5:07  Stalker  
  56  5:10  Pylon  
  56  5:14  Stalker  
  60  5:16  Probe  
  60  5:17  Probe  
  60  5:21  Assimilator  
  62  5:27  Forge  
  62  5:28  Probe  
  62  5:29  Probe  
  64  5:36  Stalker x2  
  64  5:40  Observer, Probe  
  70  5:47  Pylon  
  70  5:50  Pylon x2  
  70  5:58  Gateway  
  70  6:03  Shield Battery  
  70  6:05  Probe x2, Stalker  
  70  6:06  Stalker  
  76  6:13  Warp Prism (Chrono Boost)  
  76  6:14  Probe  
  76  6:17  Protoss Ground Weapons Level 1 (Chrono Boost)  
  79  6:19  Probe (Chrono Boost), Assimilator  
  79  6:20  Probe (Chrono Boost)  
  81  6:26  Probe (Chrono Boost)  
  81  6:32  Probe (Chrono Boost)  
  84  6:35  Adept x2  
  84  6:36  Stalker  
  84  6:37  Probe (Chrono Boost)  
  84  6:38  Probe (Chrono Boost)  
  84  6:39  Probe (Chrono Boost)  
  92  6:41  Observer (Chrono Boost)  
  92  6:44  Probe x2  
  92  6:46  Probe  
  96  6:56  Probe, Gateway  
  96  7:00  Probe, Pylon  
  98  7:02  Gateway  
  98  7:05  Stalker x2  
  98  7:06  Stalker  
  103  7:09  Observer  
  103  7:12  Stalker  
  103  7:15  Probe  
  103  7:27  Probe  
  103  7:29  Stalker x2  
  102  7:31  Probe  
  102  7:34  Probe  
  104  7:39  Probe  
  103  7:46  Charge, Dark Shrine  
  103  7:50  Photon Cannon  
  103  7:54  Probe  
  103  7:55  Stalker x3  
  103  7:57  Stalker x3  
  116  8:03  Pylon  
  116  8:05  Photon Cannon  
  116  8:14  Pylon  
  116  8:20  Protoss Ground Weapons Level 2 (Chrono Boost)  
  116  8:26  Pylon  
  116  8:27  Pylon  
  116  8:28  Nexus  
  114  8:34  Zealot x5  
  114  8:35  Probe  
  114  8:37  Pylon  
  125  8:44  Probe x2  
  127  8:48  Gateway  
  127  8:50  Gateway  
  127  8:52  Probe  
  128  8:57  Probe  
  128  8:58  Probe  
  128  9:07  Probe  
  128  9:08  Observer  
  115  9:10  Probe  
  115  9:12  Dark Templar x3  
  122  9:24  Dark Templar  
  122  9:26  Probe x2  
  124  9:37  Probe  
  121  9:43  Probe, Pylon  
  121  9:44  Stalker x3  
  120  9:46  Stalker x4  
  120  9:47  Probe x2  
  120  9:49  Photon Cannon  
  120  9:52  Photon Cannon  
  130  9:54  Probe  
  130  9:55  Pylon  
  130  9:56  Probe  
  130  10:01  Robotics Bay  
  130  10:08  Zealot x4  
  130  10:09  Dark Templar  
  130  10:11  Stalker x2  
  130  10:12  Zealot  
  142  10:22  Nexus  
  142  10:23  Probe  
  142  10:24  Pylon  
  142  10:28  Probe x2  
  144  10:30  Probe  
  144  10:34  Zealot x6  
  158  10:35  Probe  
  158  10:38  Robotics Facility  
  158  10:40  Probe  
  158  10:42  Photon Cannon  
  160  10:43  Shield Battery  
  160  10:44  Shadow Stride  
  160  10:56  Dark Templar x2  
  164  11:00  Disruptor (Chrono Boost)  
  164  11:02  Probe  
  158  11:06  Robotics Facility  
  158  11:08  Probe, Assimilator x2  
  158  11:09  Probe  
  158  11:11  Probe  
  159  11:14  Assimilator  
  159  11:15  Probe  
  159  11:17  Photon Cannon  
  154  11:20  Dark Templar, Assimilator, Pylon  
  154  11:21  Zealot x3, Dark Templar  
  154  11:22  Shield Battery, Zealot x3  
  170  11:26  Gateway  
  170  11:27  Gateway  
  170  11:30  Probe, Pylon  
  170  11:38  Disruptor (Chrono Boost)  
  165  11:40  Probe  
  165  11:43  Disruptor (Chrono Boost)  
  161  11:55  Probe  
  161  11:57  Probe  
  161  11:58  Photon Cannon  
  161  12:00  Assimilator x2  
  161  12:01  Stalker x7  
  173  12:02  Stalker  
  173  12:06  Pylon  
  182  12:12  Disruptor (Chrono Boost)  
  174  12:27  Dark Templar x3  
  171  12:30  Zealot x6  
  171  12:31  Zealot  
  184  12:41  Observer (Chrono Boost)  
  184  12:43  Probe  
  183  12:47  Probe  
  183  12:49  Probe  
  173  12:56  Zealot x7  
  173  12:57  Probe  
  173  12:58  Probe  
  189  12:59  Disruptor (Chrono Boost)  
  175  13:06  Dark Templar x3  
  175  13:10  Probe  
  175  13:11  Probe x3  
  178  13:16  Nexus  
  178  13:18  Gravitic Boosters (Chrono Boost)  
  175  13:22  Probe  
  175  13:23  Probe  
  175  13:24  Photon Cannon  
  177  13:28  Dark Templar x3  
  177  13:31  Photon Cannon  
  183  13:38  Disruptor (Chrono Boost)  
  165  13:46  Zealot x7  
  173  13:54  Probe  
  161  14:08  Zealot x2  
  149  14:11  Zealot x8, Protoss Ground Weapons Level 3  
  145  14:18  Disruptor (Chrono Boost)  
  145  14:21  Probe  
  145  14:23  Probe  
  145  14:24  Probe  
  145  14:30  Stalker x2  
  141  14:38  Stalker x6  
  141  14:39  Stalker  
  141  14:42  Probe x2  
  141  14:44  Pylon  
  145  14:45  Probe  
  145  14:47  Photon Cannon  
  145  14:51  Disruptor (Chrono Boost)  
  145  14:52  Robotics Facility  
  147  14:55  Photon Cannon, Pylon  
  147  14:59  Dark Templar x2  
  151  15:02  Dark Templar  
  151  15:05  Dark Templar  
  155  15:16  Stalker x4  
  155  15:19  Assimilator  
  155  15:20  Disruptor  
  164  15:29  Zealot x2  
  164  15:33  Dark Templar x2  
  164  15:35  Dark Templar  
  160  15:41  Probe  
  152  15:43  Observer  
  152  15:45  Dark Templar, Probe  
  156  15:53  Photon Cannon  
  156  15:56  Zealot x6  
  168  16:03  Disruptor  
  171  16:11  Disruptor  
  161  16:20  Zealot x6  
  161  16:21  Zealot  
  163  16:31  Zealot x2  
  163  16:39  Disruptor  
  150  16:53  Zealot, Dark Templar x2  
  150  16:54  Zealot x4  
  131  17:13  Zealot x2  
  131  17:15  Observer (Chrono Boost)  
  118  17:25  Probe  
  118  17:26  Photon Cannon  
  118  17:27  Observer (Chrono Boost)  
  118  17:28  Photon Cannon  
  118  17:39  Zealot x3  
  118  17:42  Assimilator  
  118  17:50  Zealot x2  
  122  17:53  Dark Templar  
  121  18:11  Zealot x4  
  129  18:24  Observer (Chrono Boost)  
  127  18:30  Zealot x4  
  133  18:39  Observer (Chrono Boost)  
  129  18:49  Nexus  
  129  18:59  Pylon  
  127  19:03  Dark Templar x2  
Tags
 
Add a new tag
Caveats
  • Supply blocks, unpowered buildings, or Contaminate may cause inaccurate times.
  • Supply counts are checked every 10 seconds.